SNL (28 & UNDER)
WEST PALM REDS @ NEW HAMPSHIRE FISHER CATS
10/02/2023
 
TOP OF THE 1ST
West Palm Reds batting - Pitching for New Hampshire Fisher Cats : RHP Felipe Valdomar
Pitching: RHP Felipe Valdomar
Batting: SHB Francis Shaffer 0-0: Ball
1-0: Called Strike
1-1: Swinging Strike
1-2: Strikes out swinging
Batting: RHB Juan Vareas 0-0: Called Strike
0-1: Ball
1-1: Ball
2-1: Ball
3-1: SINGLE (Groundball, 56S)
Batting: LHB Enrique Cortéz 0-0: Foul Ball, location: 2F
0-1: SINGLE (Line Drive, 89M)
Juan Vareas to second
Batting: LHB Jeff McKinney 0-0: Ball
1-0: Swinging Strike
1-1: Called Strike
1-2: Foul Ball, location: 2F
1-2: Ball
2-2: Strikes out swinging
Batting: SHB Todd Smith 0-0: Ball
1-0: Called Strike
1-1: Fly out, F7 (Flyball, 78M)
Top of the 1st over - 0 run(s), 2 hit(s), 0 error(s), 2 left on base; West Palm 0 - New Hampshire 0
BOTTOM OF THE 1ST
New Hampshire Fisher Cats batting - Pitching for West Palm Reds : LHP Pat Candelária
Pitching: LHP Pat Candelária
Batting: RHB Lu-fang Huie 0-0: SOLO HOME RUN (Flyball, 78XD), Distance : 410 ft
Batting: RHB Anthony Hezell 0-0: Foul Ball, location: 2F
0-1: Ball
1-1: Ball
2-1: Ball
3-1: Called Strike
3-2: DOUBLE (Groundball, 3L)
Batting: RHB Keith Ford 0-0: Ball
1-0: Swinging Strike
1-1: Ball
2-1: Swinging Strike
2-2: Ball
3-2: Foul Ball, location: 2F
3-2: Strikes out swinging
Batting: RHB Billy Campbell 0-0: Ball
1-0: SINGLE (Flyball, 9LS)
Anthony Hezell to third
Batting: RHB Phil Matthews 0-0: Called Strike
0-1: SINGLE (Flyball, 78S)
Anthony Hezell scores
Billy Campbell to second
Batting: RHB Matt Silver 0-0: Called Strike
0-1: Ball
1-1: Ball
2-1: Fly out, F4 (Line Drive, 4)
Batting: RHB José Hernández 0-0: Ball
1-0: Foul Ball, location: 2F
1-1: Ball
2-1: Foul Ball, location: 2F
2-2: Foul Ball, location: 2F
2-2: Fly out, F6 (Popup, 6MS)
Bottom of the 1st over - 2 run(s), 4 hit(s), 0 error(s), 2 left on base; West Palm 0 - New Hampshire 2
TOP OF THE 2ND
West Palm Reds batting - Pitching for New Hampshire Fisher Cats : RHP Felipe Valdomar
Batting: RHB Jack Ray 0-0: Ball
1-0: Foul Ball, location: 2F
1-1: Called Strike
1-2: Ball
2-2: Ball
3-2: Foul Ball, location: 2F
3-2: Base on Balls
Batting: LHB Jeff Doss 0-0: Ball
1-0: Ball
2-0: Ball
3-0: Base on Balls
Jack Ray to second
Batting: LHB Bill Smith 0-0: Called Strike
0-1: Called Strike
0-2: SINGLE (Groundball, 4S) (infield hit)
Jack Ray to third
Jeff Doss to second
Batting: SHB Alex Hayes 0-0: Ball
1-0: Ball
2-0: Fly out, F6 (Line Drive, 6)
Batting: SHB Francis Shaffer 0-0: Ball
1-0: Foul Ball, location: 2F
1-1: DOUBLE (Line Drive, 9LM)
Jack Ray scores
Jeff Doss scores
Bill Smith to third
Batting: RHB Juan Vareas 0-0: Ball
1-0: Foul Ball, location: 2F
1-1: Called Strike
1-2: Ground out 3-1 (Groundball, 34S)
Bill Smith scores
Francis Shaffer to third
Batting: LHB Enrique Cortéz 0-0: Ball
1-0: Fly out, F2 (Popup, 2LF)
Top of the 2nd over - 3 run(s), 2 hit(s), 0 error(s), 1 left on base; West Palm 3 - New Hampshire 2
BOTTOM OF THE 2ND
New Hampshire Fisher Cats batting - Pitching for West Palm Reds : LHP Pat Candelária
Batting: RHB Tony Reyes 0-0: Ball
1-0: Ball
2-0: Ball
3-0: Called Strike
3-1: Swinging Strike
3-2: Ground out 5-3 (Groundball, 5L)
Batting: RHB Sadao Kimura 0-0: Ball
1-0: Ball
2-0: Ball
3-0: Called Strike
3-1: Base on Balls
Batting: RHB Lu-fang Huie 0-0: Swinging Strike
0-1: Ball
1-1: Fly out, F6 (Popup, 6D)
Batting: RHB Anthony Hezell 0-0: Called Strike
0-1: Ball
1-1: Called Strike
1-2: Ball
2-2: Foul Ball, location: 2F
2-2: Ball
3-2: Foul Ball, location: 2F
3-2: Fly out, F9 (Line Drive, 89S)
Bottom of the 2nd over - 0 run(s), 0 hit(s), 0 error(s), 1 left on base; West Palm 3 - New Hampshire 2
TOP OF THE 3RD
West Palm Reds batting - Pitching for New Hampshire Fisher Cats : RHP Felipe Valdomar
Batting: LHB Jeff McKinney 0-0: Ball
1-0: Ball
2-0: Ground out 6-3 (Groundball, 6)
Batting: SHB Todd Smith 0-0: Ground out 1-3 (Groundball, 23)
Batting: RHB Jack Ray 0-0: Fly out, F8 (Flyball, 8LXD)
Top of the 3rd over - 0 run(s), 0 hit(s), 0 error(s), 0 left on base; West Palm 3 - New Hampshire 2
BOTTOM OF THE 3RD
New Hampshire Fisher Cats batting - Pitching for West Palm Reds : LHP Pat Candelária
Batting: RHB Keith Ford 0-0: Called Strike
0-1: Ball
1-1: Called Strike
1-2: Ball
2-2: Strikes out swinging
Batting: RHB Billy Campbell 0-0: Ball
1-0: Swinging Strike
1-1: Called Strike
1-2: Foul Ball, location: 2F
1-2: SINGLE (Groundball, 56D)
Batting: RHB Phil Matthews 0-0: Ball
1-0: Swinging Strike
1-1: Ball
2-1: Ball
3-1: Foul Ball, location: 2F
3-2: Foul Ball, location: 2F
3-2: Base on Balls
Billy Campbell to second
Batting: RHB Matt Silver 0-0: Called Strike
0-1: Ball
1-1: Grounds into double play, 6-4-3 (Groundball, 6)
Bottom of the 3rd over - 0 run(s), 1 hit(s), 0 error(s), 1 left on base; West Palm 3 - New Hampshire 2
TOP OF THE 4TH
West Palm Reds batting - Pitching for New Hampshire Fisher Cats : RHP Felipe Valdomar
Batting: LHB Jeff Doss 0-0: Called Strike
0-1: Fly out, F8 (Flyball, 8LD)
Batting: LHB Bill Smith 0-0: Foul Ball, location: 2F
0-1: Ball
1-1: Ball
2-1: Ball
3-1: Called Strike
3-2: Strikes out swinging
Batting: SHB Alex Hayes 0-0: DOUBLE (Groundball, 3L)
Batting: SHB Francis Shaffer 0-0: Called Strike
0-1: Swinging Strike
0-2: Strikes out swinging
Top of the 4th over - 0 run(s), 1 hit(s), 0 error(s), 1 left on base; West Palm 3 - New Hampshire 2
BOTTOM OF THE 4TH
New Hampshire Fisher Cats batting - Pitching for West Palm Reds : LHP Pat Candelária
Batting: RHB José Hernández 0-0: Ball
1-0: Ground out U3 (Groundball, 3)
Batting: RHB Tony Reyes 0-0: Swinging Strike
0-1: Ball
1-1: Ground out 5-3 (Groundball, 56)
Batting: RHB Sadao Kimura 0-0: Ball
1-0: Called Strike
1-1: Ball
2-1: Fly out, F7 (Flyball, 78M)
Bottom of the 4th over - 0 run(s), 0 hit(s), 0 error(s), 0 left on base; West Palm 3 - New Hampshire 2
TOP OF THE 5TH
West Palm Reds batting - Pitching for New Hampshire Fisher Cats : RHP Felipe Valdomar
Batting: RHB Juan Vareas 0-0: Called Strike
0-1: Fly out, F9 (Flyball, 9M)
Batting: LHB Enrique Cortéz 0-0: Called Strike
0-1: Ball
1-1: Ball
2-1: Ball
3-1: Ground out 4-3 (Groundball, 4)
Batting: LHB Jeff McKinney 0-0: Foul Ball, location: 2F
0-1: Ball
1-1: Reached on error, E4 (Groundball, 4)
Batting: SHB Todd Smith 0-0: Ball
1-0: Foul Ball, location: 2F
1-1: Ball
2-1: Foul Ball, location: 2F
2-2: Ball
3-2: Ground out 4-3 (Groundball, 34)
Top of the 5th over - 0 run(s), 0 hit(s), 1 error(s), 1 left on base; West Palm 3 - New Hampshire 2
BOTTOM OF THE 5TH
New Hampshire Fisher Cats batting - Pitching for West Palm Reds : LHP Pat Candelária
Batting: RHB Lu-fang Huie 0-0: Called Strike
0-1: Ball
1-1: Swinging Strike
1-2: Ball
2-2: Ball
3-2: SOLO HOME RUN (Flyball, 7D), Distance : 398 ft
Batting: RHB Anthony Hezell 0-0: Called Strike
0-1: SINGLE (Flyball, 9LS)
Batting: RHB Keith Ford 0-0: Ball
1-0: Ball
2-0: Fly out, F9 (Line Drive, 8RM)
Batting: RHB Billy Campbell 0-0: Ball
1-0: Called Strike
1-1: Ball
2-1: Fly out, F6 (Popup, 6M)
Batting: RHB Phil Matthews 0-0: Called Strike
Anthony Hezell steals 2nd base
0-1: Ball
1-1: SINGLE (Groundball, 6MD) (infield hit)
Anthony Hezell to third
Pitching: LHP Francisco Nieto
Batting: RHB Matt Silver 0-0: Ground out 5-3 (Groundball, 5L)
Bottom of the 5th over - 1 run(s), 3 hit(s), 0 error(s), 2 left on base; West Palm 3 - New Hampshire 3
TOP OF THE 6TH
West Palm Reds batting - Pitching for New Hampshire Fisher Cats : RHP Felipe Valdomar
Batting: RHB Jack Ray 0-0: Foul Ball, location: 2F
0-1: Ball
1-1: Called Strike
1-2: Foul Ball, location: 2F
1-2: DOUBLE (Line Drive, 89M)
Batting: LHB Jeff Doss 0-0: Ball
1-0: Called Strike
1-1: Called Strike
1-2: Fly out, F7 (Flyball, 8LS)
Batting: LHB Bill Smith 0-0: Intentional Walk
Batting: SHB Alex Hayes 0-0: Called Strike
0-1: Ball
1-1: Swinging Strike
1-2: Ball
2-2: Ball
3-2: Strikes out swinging
Pitching: RHP Ramón Pérez
Batting: SHB Francis Shaffer 0-0: Swinging Strike
0-1: Ball
1-1: Foul Ball, location: 2F
1-2: Foul Ball, location: 2F
1-2: Foul Ball, location: 2F
1-2: Ball
2-2: Foul Ball, location: 2F
2-2: Strikes out swinging
Top of the 6th over - 0 run(s), 1 hit(s), 0 error(s), 2 left on base; West Palm 3 - New Hampshire 3
BOTTOM OF THE 6TH
New Hampshire Fisher Cats batting - Pitching for West Palm Reds : LHP Francisco Nieto
Batting: RHB José Hernández 0-0: Ball
1-0: Ball
2-0: Ball
3-0: Base on Balls
Batting: RHB Tony Reyes 0-0: Called Strike
0-1: Ball
1-1: Ball
2-1: Ball
3-1: Called Strike
3-2: Ground out 5-3 (Groundball, 56)
José Hernández to second
Batting: RHB Sadao Kimura 0-0: Foul Ball, location: 2F
0-1: Ball
1-1: Ball
2-1: Ball
3-1: Base on Balls
Batting: RHB Lu-fang Huie 0-0: 3-RUN HOME RUN (Flyball, 8LD) (Inside the Park)
Batting: RHB Anthony Hezell 0-0: Ball
1-0: Ball
2-0: Ball
3-0: Base on Balls
Batting: RHB Keith Ford 0-0: Ball
1-0: Fly out, F9 (Flyball, 9LM)
Batting: RHB Billy Campbell 0-0: Ball
1-0: Called Strike
1-1: Ball
2-1: Foul Ball, location: 2F
2-2: Strikes out swinging
Bottom of the 6th over - 3 run(s), 1 hit(s), 0 error(s), 1 left on base; West Palm 3 - New Hampshire 6
TOP OF THE 7TH
West Palm Reds batting - Pitching for New Hampshire Fisher Cats : RHP Ramón Pérez
Batting: RHB Juan Vareas 0-0: Ground out 5-3 (Groundball, 5)
Batting: LHB Enrique Cortéz 0-0: Ball
1-0: Ground out U3 (Groundball, 3L)
Batting: LHB Jeff McKinney 0-0: Ball
1-0: Ball
2-0: SINGLE (Line Drive, 9S)
Batting: SHB Todd Smith 0-0: Ball
1-0: DOUBLE (Groundball, 3L)
Jeff McKinney to third
Runner from 3rd tries for Home, SAFE, no throw or cutoff
Pitching: RHP Ernesto Rivera
Batting: RHB Jack Ray 0-0: Ball
1-0: Swinging Strike
1-1: Ball
2-1: Foul Ball, location: 2F
2-2: DOUBLE (Line Drive, 5D)
Todd Smith scores
Pitching: LHP Juan Arce
Batting: LHB Jeff Doss 0-0: Called Strike
0-1: Ball
1-1: Foul Ball, location: 2F
1-2: Ground out 4-3 (Groundball, 4M)
Top of the 7th over - 2 run(s), 3 hit(s), 0 error(s), 1 left on base; West Palm 5 - New Hampshire 6
BOTTOM OF THE 7TH
New Hampshire Fisher Cats batting - Pitching for West Palm Reds : LHP Francisco Nieto
Batting: RHB Phil Matthews 0-0: Ball
1-0: Swinging Strike
1-1: Ball
2-1: Ground out 6-3 (Groundball, 6)
Batting: RHB Matt Silver 0-0: Swinging Strike
0-1: Ball
1-1: Ground out 5-3 (Groundball, 5L)
Batting: RHB José Hernández 0-0: Ball
1-0: Ball
2-0: Foul Ball, location: 2F
2-1: Ball
3-1: Foul Ball, location: 2F
3-2: Foul Ball, location: 2F
3-2: Strikes out swinging
Bottom of the 7th over - 0 run(s), 0 hit(s), 0 error(s), 0 left on base; West Palm 5 - New Hampshire 6
TOP OF THE 8TH
West Palm Reds batting - Pitching for New Hampshire Fisher Cats : LHP Juan Arce
Pitching: RHP Jeff Thompson
Now at 3B: Scott Briggs
Batting: LHB Bill Smith 0-0: Ball
1-0: Fly out, F5 (Line Drive, 56)
Pitching: LHP George Colgan
Batting: SHB Alex Hayes 0-0: Ball
1-0: Called Strike
1-1: Ball
2-1: Ball
3-1: Fly out, F9 (Line Drive, 9LM)
Pitching: RHP Grady Connolly
Batting: SHB Francis Shaffer 0-0: Swinging Strike
0-1: Called Strike
0-2: Strikes out swinging
Top of the 8th over - 0 run(s), 0 hit(s), 0 error(s), 0 left on base; West Palm 5 - New Hampshire 6
BOTTOM OF THE 8TH
New Hampshire Fisher Cats batting - Pitching for West Palm Reds : LHP Francisco Nieto
Pitching: RHP Dave Woods
Batting: RHB Tony Reyes 0-0: Ball
1-0: Called Strike
1-1: Ball
2-1: Reached on Error, E7 (Flyball, 78S)
Pinch Hitting: RHB Chris Parker 0-0: Ball
1-0: Ball
2-0: Foul Ball, location: 2F
2-1: Foul Ball, location: 2F
2-2: Grounds into double play, 6-4-3 (Groundball, 6M)
Batting: RHB Lu-fang Huie 0-0: Ball
1-0: Ball
2-0: Ball
3-0: Base on Balls
Batting: RHB Anthony Hezell 0-0: Ball
1-0: Foul Ball, location: 2F
1-1: SINGLE (Groundball, 4MD)
Lu-fang Huie to second
Runner from 2nd tries for 3rd, OUT!
Bottom of the 8th over - 0 run(s), 1 hit(s), 1 error(s), 1 left on base; West Palm 5 - New Hampshire 6
TOP OF THE 9TH
West Palm Reds batting - Pitching for New Hampshire Fisher Cats : RHP Grady Connolly
Pitching: LHP Carlos Berru
Now at C: Tim Robertson
Now in CF: Gustavo Lozano
Batting: RHB Juan Vareas 0-0: Called Strike
0-1: Ground out 2-3 (Groundball, 2L)
Pinch Hitting: RHB Carlos García 0-0: Foul Ball, location: 2F
0-1: Ball
1-1: Called Strike
1-2: Strikes out swinging
Batting: LHB Jeff McKinney 0-0: DOUBLE (Flyball, 78XD)
Batting: SHB Todd Smith 0-0: SINGLE (Line Drive, 34D)
Jeff McKinney to third
Runner from 3rd tries for Home, SAFE, no throw or cutoff
Batting: RHB Jack Ray 0-0: Ball
1-0: Called Strike
1-1: Swinging Strike
1-2: Ball
2-2: Strikes out looking
Top of the 9th over - 1 run(s), 2 hit(s), 0 error(s), 1 left on base; West Palm 6 - New Hampshire 6
BOTTOM OF THE 9TH
New Hampshire Fisher Cats batting - Pitching for West Palm Reds : RHP Dave Woods
Pitching: RHP Kei Hashimoto
Now at 1B: Carlos García
Batting: RHB Keith Ford 0-0: Ball
1-0: Foul Ball, location: 2F
1-1: Foul Ball, location: 2F
1-2: Foul Ball, location: 2F
1-2: Ball
2-2: DOUBLE (Line Drive, 8RXD)
Batting: RHB Billy Campbell 0-0: Intentional Walk
Pinch Runner at 2nd Si-xun Li:
Pinch Hitting: RHB Júlio Trinidad 0-0: Called Strike
0-1: Foul Ball, location: 2F
0-2: Ball
1-2: Strikes out swinging
Batting: RHB Matt Silver 0-0: Called Strike
Si-xun Li is caught stealing 3rd base
Billy Campbell to second
0-1: SINGLE (Flyball, 8LS)
Billy Campbell to third
Runner from 3rd tries for Home, SAFE, no throw or cutoff
This league is powered by Out of the Park Baseball, the baseball management simulation game for PC, Mac and Linux
Wednesday, December 2nd, 2015 - OOTP Baseball 16.8 Build 38